 Dungeon Crawl Stone Soup version 0.27-a0-1118-ga84896973d (webtiles) character file.

Game seed: 3666997388637278659

2600124 Democracy123 the Invulnerable (level 27, 199/199 HPs)
             Began as a Gargoyle Berserker on May 2, 2021.
             Was an Elder of the Shining One.
             Escaped with the Orb
             ... and 4 runes!
             The game lasted 03:24:43 (64145 turns).

Democracy123 the Invulnerable (Gargoyle Berserker) Turns: 64145, Time: 03:24:43

Health: 199/199    AC: 71    Str: 30      XL:     27
Magic:  28/35      EV: 22    Int: 11      God:    the Shining One [****..]
Gold:   8843       SH:  0    Dex: 19 (20) Spells: 26/26 levels left

rFire    + + .     SeeInvis +   F - +9 executioner's axe (flame)
rCold    + + +     Faith    .   (shield currently unavailable)
rNeg     + + +     Spirit   .   U - +12 gold dragon scales
rPois    ∞         Reflect  .   y - +2 hat of Nesaz {rPois Will+++ Regen+ Str-3}
rElec    +         Harm     .   V - scarf {repulsion}
rCorr    .         Rampage  +   X - +0 pair of gloves "Xienyff" {+Inv Str+3}
Will     +++++                  x - +2 pair of boots {rampage}
Stlth    ..........             f - amulet of Hedonism {Acrobat rF+ Str+4}
HPRegen  1.43/turn              E - ring "Onelys" {rPois AC+4 SInv}
MPRegen  0.24/turn              P - ring "Xak Igeu" {rC+ EV+4 Str+4}

@: flying, glowing, repel missiles
A: AC +20, big wings, negative energy resistance 1, electricity resistance,
torment resistance 1, unbreathing 1, petrification resistance, fangs 1, agile 1,
cold resistance 1, strong-willed 1
0: Orb of Zot
}: 4/15 runes: decaying, slimy, silver, gossamer
a: Renounce Religion, Evoke Invisibility, Divine Shield, Cleansing Flame


You escaped.
You worshipped the Shining One.
The Shining One was greatly pleased with you.
You visited 13 branches of the dungeon, and saw 59 of its levels.
You also visited: Gauntlet and Wizlab.

You collected 11083 gold pieces.
You spent 2240 gold pieces at shops.

Inventory:

Hand Weapons
 i - a +4 antimagic executioner's axe
 F - a +9 executioner's axe of flaming (weapon)
 Y - a +9 executioner's axe of chaos
Missiles
 d - 3 boomerangs of dispersal
Armour
 x - a +2 pair of boots of rampaging (worn)
 y - the +2 hat of Nesaz (worn) {rPois Will+++ Regen+ Str-3}
   (You acquired it in a Gauntlet)

   It affects your strength (-3).
   It protects you from poison.
   It increases your rate of health regeneration.
   It greatly increases your willpower.
 U - +12 gold dragon scales (worn)
 V - a scarf of repulsion (worn)
 X - the +0 pair of gloves "Xienyff" (worn) {+Inv Str+3}
   (You found it in a Gauntlet)

   It affects your strength (+3).
   It lets you turn invisible.
Jewellery
 f - the amulet of Hedonism (around neck) {Acrobat rF+ Str+4}
   (You bought it in a shop on level 12 of the Dungeon)

   [amulet of the acrobat]

   It increases your evasion while moving and waiting.
   It affects your strength (+4).
   It protects you from fire.
 E - the ring "Onelys" (left hand) {rPois AC+4 SInv}
   (You found it on level 5 of the Dungeon)

   [ring of protection]

   It affects your AC (+4).
   It protects you from poison.
   It lets you see invisible.
 G - the ring "Atzal" {rElec rPois rF+ rN+ Str+2}
   (You found it on level 5 of the Dungeon)

   [ring of poison resistance]

   It affects your strength (+2).
   It protects you from fire.
   It insulates you from electricity.
   It protects you from poison.
   It protects you from negative energy.
 K - the ring of Woskoil {Drain Fly rPois rC++ rCorr}
   (You found it on level 3 of the Elven Halls)

   [ring of resist corrosion]

   It greatly protects you from cold.
   It protects you from poison.
   It grants you flight.
   It protects you from acid and corrosion.
   It drains your maximum health when unequipped.
 M - the amulet of the Genius {Regen+ rCorr Str+3 Int+5}
   (You found it on level 3 of the Depths)

   [amulet of regeneration]

   It affects your strength (+3).
   It affects your intelligence (+5).
   It increases your rate of health regeneration.
   It protects you from acid and corrosion.
 P - the ring "Xak Igeu" (right hand) {rC+ EV+4 Str+4}
   (You took it off a vault sentinel on level 5 of the Vaults)

   [ring of evasion]

   It affects your evasion (+4).
   It affects your strength (+4).
   It protects you from cold.
Wands
 j - a wand of charming (14)
 q - a wand of acid (43)
 v - a wand of flame (179) (quivered)
 z - a wand of mindburst (15)
 C - a wand of polymorph (17)
 H - a wand of iceblast (122)
 Q - a wand of digging (20)
 W - a wand of paralysis (42)
Scrolls
 e - 18 scrolls of fear
 k - 2 scrolls of enchant armour
 l - 19 scrolls of teleportation
 m - 55 scrolls of identify
 o - 5 scrolls of holy word
 r - 10 scrolls of immolation
 u - 7 scrolls of fog
 w - 10 scrolls of blinking
 B - a scroll of amnesia
 I - 2 scrolls of summoning
 N - 3 scrolls of silence
 T - a scroll of magic mapping
Potions
 a - 6 potions of cancellation
 c - 4 potions of haste
 g - 5 potions of mutation
 n - a potion of brilliance
 p - 5 potions of might
 s - 12 potions of attraction
 t - 7 potions of invisibility
 J - 12 potions of ambrosia
 L - a potion of resistance
 O - 16 potions of curing
 R - 6 potions of heal wounds
 S - 7 potions of berserk rage
 Z - 6 potions of magic
Miscellaneous
 b - a phantom mirror


   Skills:
 O Level 27 Fighting
 O Level 27 Axes
 O Level 27 Armour
 + Level 20.0 Dodging
 + Level 17.5 Invocations
 - Level 10.2 Evocations


You had 26 spell levels left.
You didn't know any spells.
Your spell library contained the following spells:

 Spells                   Type           Power      Damage    Failure   Level
 Animate Skeleton         Necr           0%         N/A       88%         1
 Apportation              Tloc           0%         N/A       88%         1
 Corona                   Hex            0%         N/A       88%         1
 Freeze                   Ice            0%         1d3       88%         1
 Magic Dart               Conj           0%         1d3       88%         1
 Pain                     Necr           0%         1d4       88%         1
 Sting                    Tmut/Pois      0%         1d3       88%         1
 Summon Small Mammal      Summ           0%         N/A       88%         1
 Blink                    Tloc           N/A        N/A       95%         2
 Ensorcelled Hibernation  Hex/Ice        0%         N/A       95%         2
 Passwall                 Tmut/Erth      0%         N/A       95%         2
 Poisonous Vapours        Pois/Air       0%         N/A       95%         2
 Searing Ray              Conj           0%         3d3       95%         2
 Slow                     Hex            0%         N/A       95%         2
 Wereblood                Tmut           0%         N/A       95%         2
 Call Canine Familiar     Summ           0%         N/A       99%         3
 Confusing Touch          Hex            0%         N/A       99%         3
 Dazzling Flash           Conj/Hex       0%         N/A       99%         3
 Frozen Ramparts          Ice            0%         1d2       99%         3
 Gell's Gravitas          Tloc           0%         N/A       99%         3
 Mephitic Cloud           Conj/Pois/Air  0%         N/A       99%         3
 Ozocubu's Armour         Ice            0%         N/A       99%         3
 Spider Form              Tmut/Pois      0%         N/A       99%         3
 Summon Guardian Golem    Hex/Summ       0%         N/A       99%         3
 Swiftness                Air            0%         N/A       99%         3
 Tukima's Dance           Hex            0%         N/A       99%         3
 Vampiric Draining        Necr           0%         2d6       99%         3
 Animate Dead             Necr           0%         N/A       100%        4
 Cause Fear               Hex            0%         N/A       100%        4
 Fulminant Prism          Conj/Hex       0%         3d6       100%        4
 Hailstorm                Conj/Ice       0%         3d3       100%        4
 Ice Form                 Ice/Tmut       0%         N/A       100%        4
 Iskenderun's Mystic Bla  Conj/Tloc      0%         2d3       100%        4
 Passage of Golubria      Tloc           N/A        N/A       100%        4
 Summon Ice Beast         Ice/Summ       0%         N/A       100%        4
 Summon Lightning Spire   Summ/Air       0%         N/A       100%        4
 Agony                    Necr           0%         N/A       100%        5
 Alistair's Intoxication  Tmut/Pois      0%         N/A       100%        5
 Borgnjor's Vile Clutch   Necr/Erth      0%         N/A       100%        5
 Irradiate                Conj/Tmut      0%         3d14      100%        5
 Lee's Rapid Deconstruct  Erth           0%         3d5*      100%        5
 Metabolic Englaciation   Hex/Ice        0%         N/A       100%        5
 Silence                  Hex/Air        0%         N/A       100%        5
 Summon Mana Viper        Hex/Summ       0%         N/A       100%        5
 Yara's Violent Unravell  Hex/Tmut       0%         3d3       100%        5
 Blade Hands              Tmut           0%         N/A       100%        6
 Conjure Ball Lightning   Conj/Air       0%         3x3d6     100%        6
 Death Channel            Necr           0%         N/A       100%        6
 Dispersal                Tloc           0%         N/A       100%        6
 Eringya's Noxious Bog    Tmut/Pois      0%         N/A       100%        6
 Freezing Cloud           Conj/Ice/Air   0%         6-21      100%        6
 Invisibility             Hex            0%         N/A       100%        6
 Simulacrum               Ice/Necr       0%         N/A       100%        6
 Starburst                Conj/Fire      0%         8x6d3     100%        6
 Malign Gateway           Summ/Tloc      0%         N/A       100%        7
 Ozocubu's Refrigeration  Ice            0%         4d5       100%        7
 Summon Hydra             Summ           0%         N/A       100%        7
 Lehudib's Crystal Spear  Conj/Erth      0%         10d2      100%        8
 Tornado                  Air            0%         N/A       100%        9


Dungeon Overview and Level Annotations

Branches:
Dungeon (15/15)            Temple (1/1) D:7            Lair (6/6) D:10
  Swamp (4/4) Lair:2       Spider (4/4) Lair:4        Slime (5/5) Lair:6
    Orc (2/2) D:10            Elf (3/3) Orc:2        Vaults (5/5) D:14
  Crypt (3/3) Vaults:2       Tomb (1/3) Crypt:3      Depths (5/5) D:15
    Zot (5/5) Depths:5     WizLab (visited)         Gauntlet (visited)

Altars:
Ashenzari
Cheibriados
Dithmenos
Elyvilon
Fedhas
Gozag
Hepliaklqana
Kikubaaqudgha
Makhleb
Nemelex Xobeh
Okawaru
Qazlal
Ru
Sif Muna
Trog
Uskayaw
Vehumet
Wu Jian
Xom
Yredelemnul
Zin
The Shining One

Shops:
D:12 =   D:15 *   Orc:2 :[*?[   Elf:2 [   Vaults:1 (   Vaults:2 (   Vaults:3 *
Vaults:4 (   Depths:1 [*   Depths:2 :=:

Portals:
Hell: Depths:1 Depths:3 Depths:4 Depths:5
Abyss: Depths:4
Pandemonium: Depths:1 Depths:3 Depths:5
Ziggurat: Depths:4

Annotations:
D:5 2 runed translucent doors
D:11 exclusion: door
Swamp:2 exclusion: downstairs
Swamp:3 Roxanne
Spider:2 exclusion: 2 downstairs
Spider:3 exclusion: downstairs
Vaults:3 3 runed translucent doors, exclusion: 3 doors, Mafumol's ghost, adept GrEE
Zot:5 1 exclusion


Innate Abilities, Weirdness & Mutations

Your stone body is resilient. (AC +20)
You are immune to poison.
Your large and strong wings let you fly.
You resist negative energy. (rN+)
You are resistant to electric shocks. (rElec)
You are resistant to unholy torment.
You can survive without breathing.
You are immune to petrification.
You have very sharp teeth.
You are agile. (Dex +2)
Your flesh is cold resistant. (rC+)
You are strong-willed. (Will+)


Message History

The Hell Sentinel is smitten.
Your angel gestures.
Your angel is healed somewhat.
Your daeva calls down the wrath of the Shining One upon the Hell Sentinel.
The Hell Sentinel is smitten.
Your angel hits the Hell Sentinel with a +1 whip of holy wrath!
The Hell Sentinel convulses.
Your angel hits the Hell Sentinel but does no damage.
Your angel gestures.
Your angel is healed somewhat.
The Hell Sentinel barely misses your angel.
The Hell Sentinel misses your angel.
Your angel gestures.
Your angel is healed somewhat.
Your angel gestures.
Your angel is healed somewhat.
Your angel hits the Hell Sentinel with a +3 sacred scourge of holy wrath!
The Hell Sentinel convulses!
Your angel hits the Hell Sentinel with a +3 sacred scourge of holy wrath!
The Hell Sentinel convulses.
Your angel hits the Hell Sentinel with a +1 whip of holy wrath!
The Hell Sentinel convulses.
Your angel hits the Hell Sentinel but does no damage.
Your angel hits the Hell Sentinel with a +1 whip of holy wrath!
The Hell Sentinel dies!
The Shining One accepts your kill.
You start resting.
Your angel gestures.
Your angel is healed somewhat.
Your daeva dissolves into sparkling lights!
Your angel gestures.
Your angel is healed somewhat.
Your angel gestures.
Your angel is healed somewhat.
Your angel gestures.
Your angel is healed somewhat.
HP restored.
You start resting.
A rust devil comes into view.
You have escaped!

.#..#)#............#
.....[...####'##...#
.........##...##...#
....##...#.'##.#.4.#
....'....#.#8#.#...#
....##...#.###.#...#
....##...##...##A..#
....##...#######AA.#
.#+####........A@A.#
.#.# #.........AA##
##.################
##......##
.........#
.........#
.........#
.#......##
.#..###.####


You could see a rust devil, 3 friendly daevas and 4 friendly angels.

Vanquished Creatures
  A seraph (Depths:4)
  4 dread liches
  7 ancient liches
  3 orbs of fire
  Sojobo (Vaults:5)
  A royal mummy (Crypt:3)
  Boris (Crypt:3)
  5 Killer Klowns
  Bai Suzhen (Crypt:3)
  the Lernaean hydra (Swamp:4)
  2 curse toes
  Margery (Crypt:3)
  Frederick (Depths:4)
  Xtahua (Vaults:5)
  Jory (Depths:4)
  14 golden dragons
  Arachne (Spider:3)
  A bone dragon (Crypt:1)
  2 Brimstone Fiends
  the Enchantress (Depths:4)
  4 electric golems
  2 Hell Sentinels
  21 tentacled monstrosities
  Rupert (D:12)
  33 Orb Guardians
  8 quicksilver dragons
  2 titans
  7 liches
  A deep elf blademaster (Elf:3)
  A moon troll (WizLab)
  21 acid blobs
  3 deep elf master archers (Elf:3)
  7 death cobs
  6 sphinxes
  4 ancient champions (Crypt:2)
  Kirke (D:15)
  An eldritch tentacle (Depths:5)
  8 tentacled starspawn (WizLab)
  Agnes (Spider:2)
  A thorn hunter (Swamp:2)
  7 tengu reavers
  12 shadow dragons
  5 draconian monks
  11 rockslimes
  25 storm dragons
  2 fenstrider witches
  4 draconian knights
  7 azure jellies
  The ghost of Dwachs the Eclecticist, a journeyman DjFE of Makhleb (Lair:6)
  2 revenants
  A daeva (D:4)
  14 vault wardens
  An azure jelly (shapeshifter) (Vaults:5)
  10 deep elf sorcerers
  15 frost giants
  7 fire giants
  5 iron dragons
  A fire giant (shapeshifter) (Vaults:5)
  A juggernaut zombie (Depths:4)
  A balrug (Crypt:1)
  7 draconian scorchers
  8 ghost moths
  2 cacodemons (WizLab)
  Louise (Swamp:3)
  3 draconian stormcallers (Zot:1)
  4 spriggan defenders
  Aizul (Vaults:3)
  16 ironbound preservers
  2 ghouls (Crypt:2)
  5 reapers
  4 curse skulls
  2 draconian shifters
  6 emperor scorpions
  2 deep elf elementalists (Elf:3)
  A caustic shrike skeleton (Crypt:1)
  A juggernaut skeleton (Depths:4)
  A quicksilver ooze (shapeshifter) (Depths:4)
  42 stone giants
  35 very ugly things
  A blood saint (D:12)
  4 draconian annihilators
  7 quicksilver oozes
  13 black draconians
  18 green draconians
  6 war gargoyles
  10 deep elf demonologists
  9 dire elephants
  12 deep elf annihilators
  4 vampire knights
  2 lorocyprocas
  13 purple draconians
  8 yellow draconians
  5 entropy weavers
  3 bunyips
  A minotaur (Gauntlet)
  14 eidola
  15 white draconians
  14 red draconians
  20 spark wasps
  3 merfolk javelineers
  2 blizzard demons (D:12)
  Josephine (Lair:4)
  6 eleionomae
  2 green deaths
  13 ettins
  An eleionoma (shapeshifter) (Depths:4)
  2 crystal guardians
  8 fire dragons
  14 deep elf high priests
  A jiangshi (Crypt:2)
  A shambling mangrove (Swamp:3)
  20 great orbs of eyes
  22 yaktaur captains
  A quicksilver dragon zombie (Crypt:3)
  9 deep elf death magi
  Fannar (D:12)
  A monstrous demonspawn (Depths:3)
  8 ironbound thunderhulks
  The ghost of Fifetoef the Grappler, a journeyman TrWz of Ashenzari (D:12)
  7 rakshasas
  2 catoblepae
  4 boulder beetles
  3 hell beasts
  5 spriggan air magi
  A quicksilver dragon skeleton (Crypt:3)
  30 vault guards
  3 ghost crabs
  A peacekeeper (Vaults:4)
  29 hydras
  3 death knights
  7 ogre magi
  4 ironbound frosthearts
  17 two-headed ogres
  17 centaur warriors
  8 ice dragons
  22 dancing weapons
  13 death yaks
  7 deep troll shamans
  A titan zombie (Depths:4)
  8 alligators
  7 tengu warriors
  12 deep troll earth magi
  2 vampire magi
  2 spectral dire elephants (Lair:6)
  15 deep elf knights
  7 ironbound beastmasters
  An orc high priest (Elf:1)
  2 shock serpents (Depths:5)
  6 spriggan berserkers
  14 hell knights
  5 soul eaters
  The ghost of Pij Fiec the Bewitcher, a journeyman SpEn of Dithmenos (D:11)
  A storm dragon zombie (Crypt:3)
  2 sun demons (Depths:1)
  A wretched star (WizLab)
  6 goliath frogs
  16 skeletal warriors
  A spectral anaconda (Lair:6)
  2 shadow wraiths
  15 iron trolls
  58 deep trolls
  4 sixfirhies
  2 death drakes (Depths:5)
  A glowing orange brain (shapeshifter) (Depths:5)
  A quicksilver dragon simulacrum (Depths:3)
  2 spriggan druids
  2 large abominations (Zot:5)
  2 anaconda zombies (Crypt:3)
  5 swamp dragons
  18 starcursed masses (WizLab)
  12 deep elf archers
  5 flayed ghosts
  An orange crystal statue (WizLab)
  2 obsidian statues
  13 glowing orange brains
  2 golden dragon skeletons
  22 phantasmal warriors
  7 bog bodies
  28 deep elf zephyrmancers
  2 orc knights
  21 ironbound convokers
  A wolf spider zombie (Crypt:3)
  24 necromancers
  16 wizards
  5 lindwurms
  A mana viper (Depths:5)
  18 orb spiders
  27 deep elf pyromancers
  5 harpies (Vaults:2)
  2 iron dragon zombies (Crypt:3)
  32 wolf spiders
  5 orc sorcerers
  2 stone giant zombies
  A will-o-the-wisp (Swamp:1)
  4 manticores
  58 ugly things
  2 manticores (shapeshifter)
  22 elephants
  A shock serpent zombie (Crypt:3)
  3 dire elephant zombies
  A fire giant skeleton (Crypt:3)
  29 moths of wrath
  15 cyclopes
  7 shining eyes
  A frost giant skeleton (Crypt:1)
  4 black mambas
  2 worldbinders (Depths:5)
  7 eyes of devastation
  8 gargoyles
  3 naga magi (Depths:5)
  4 stone giant skeletons
  Maurice (D:10)
  15 cane toads
  15 vault sentinels
  An efreet (D:13)
  A black draconian zombie (Crypt:2)
  14 komodo dragons
  7 rime drakes
  4 torpor snails
  11 freezing wraiths
  2 hellions
  A catoblepas zombie (Crypt:1)
  3 tormentors
  9 demonic crawlers
  2 emperor scorpion zombies
  6 guardian mummies
  2 tengu conjurers
  33 yaktaurs
  13 hellwings (Crypt:3)
  5 trolls
  A queen bee (Lair:2)
  3 red devils
  An ice devil (Gauntlet)
  A meliai (D:8)
  2 hydra zombies (Crypt:3)
  7 polar bears
  47 jumping spiders
  A bloated husk (Swamp:4)
  An elf zombie (Depths:4)
  10 tyrant leeches
  24 hornets
  A hornet (shapeshifter) (Vaults:5)
  A wind drake (shapeshifter) (Elf:1)
  A jumping spider zombie (Crypt:1)
  A hydra skeleton (Crypt:3)
  3 spectral elephants (Lair:6)
  39 blink frogs
  124 slime creatures
  A tyrant leech (shapeshifter) (D:15)
  A meliai zombie (Crypt:2)
  10 dream sheep (Lair:6)
  3 air elementals
  2 black mamba zombies
  2 alligator zombies
  2 dire elephant simulacra (Lair:6)
  A redback (shapeshifter) (Depths:4)
  83 redbacks
  A fire dragon skeleton (Crypt:2)
  43 tarantellas
  A vampire (D:12)
  2 ushabtiu
  14 spriggans
  2 wyverns
  2 spriggan simulacra (Depths:4)
  42 yaks
  2 ynoxinuls
  A human (D:14)
  3 fire bats (Lair:6)
  10 wraiths
  7 water elementals
  6 basilisks
  A black mamba skeleton (Crypt:3)
  8 golden eyes
  A basilisk (shapeshifter) (Vaults:5)
  3 hogs
  Eustachio (D:6)
  5 fire elementals
  2 chaos spawn
  16 vampire mosquitoes
  An elf skeleton (Depths:2)
  A steam dragon (D:8)
  21 swamp worms
  2 spectral cane toads (Lair:6)
  A warg (Orc:2)
  A deep troll zombie (Crypt:1)
  2 spatial vortices (Depths:5)
  11 water moccasins
  3 acid dragons
  A hydra simulacrum (Crypt:1)
  A deep troll skeleton (Crypt:1)
  A floating eye (Depths:4)
  A floating eye (shapeshifter) (Vaults:5)
  A cane toad skeleton (Crypt:1)
  6 necrophages
  4 sky beasts
  8 swamp drakes
  6 black bears
  22 orc warriors
  2 ice beasts
  An elephant zombie (Lair:6)
  An ettin simulacrum (Depths:2)
  2 hornet zombies
  38 ogres
  10 boggarts
  14 wolves (Lair:3)
  10 centaurs
  2 elephant skeletons (Lair:6)
  A phantom (D:5)
  2 snapping turtle skeletons
  A swamp dragon skeleton (Crypt:3)
  An elf simulacrum (Depths:4)
  16 bullfrogs
  5 kobold brigands
  An octopode zombie (Crypt:1)
  2 earth elementals (Elf:3)
  A wyvern zombie (D:8)
  2 cane toad simulacra (Lair:6)
  2 gnoll sergeants (D:8)
  2 scorpions
  A draconian skeleton (Crypt:1)
  A water moccasin skeleton (D:5)
  4 wyvern skeletons (Crypt:3)
  A warg zombie (Crypt:1)
  A shapeshifter zombie (Crypt:2)
  2 elephant simulacra (Lair:6)
  30 killer bees
  A vampire bat (Depths:5)
  12 wights
  4 electric eels
  3 howler monkeys
  A bullfrog zombie (D:7)
  4 centaur zombies
  A gnoll shaman (D:8)
  3 hounds
  8 orc priests
  Crazy Yiuf (D:5)
  16 jellies
  4 iguanas
  A bullfrog skeleton (D:6)
  2 centaur skeletons
  Jessica (D:3)
  Natasha (twice) (D:3)
  4 lightning spires (Depths:5)
  4 hell rats
  22 orc wizards
  A killer bee zombie (D:8)
  An acid dragon zombie (Crypt:2)
  2 hound skeletons (D:4)
  4 mummies (Tomb:1)
  3 howler monkey zombies
  14 gnolls (D:8)
  12 adders
  A shadow imp (D:6)
  2 white imps (Gauntlet)
  2 adder skeletons
  A worm (D:2)
  4 dart slugs
  49 orcs
  4 ball pythons
  A bat skeleton (Crypt:2)
  10 endoplasms
  4 giant cockroaches
  13 goblins
  5 hobgoblins
  8 jackals
  3 quokkas
  3 bats (D:1)
  8 frilled lizards
  2 goblin skeletons (Crypt:1)
  25 kobolds
  2 rats
  A rat zombie (Crypt:2)
  A river rat skeleton (Crypt:2)
  A spectral orc (D:4)
  A ball lightning (Depths:5)
  A bush (Lair:2)
  A demonic plant (WizLab)
  18 starspawn tentacles (WizLab)
  2 withered plants (Crypt:3)
2829 creatures vanquished.

Vanquished Creatures (collateral kills)
  the Royal Jelly (Slime:5)
  An ancient lich (Zot:5)
  Saint Roka (Vaults:1)
  A Killer Klown (Zot:5)
  A golden dragon (Depths:3)
  Nikola (Swamp:3)
  An Ice Fiend (D:1)
  A Hell Sentinel (D:1)
  An Orb Guardian (D:1)
  An ancient champion (Crypt:1)
  A tengu reaver (Vaults:5)
  An Executioner (Zot:5)
  Donald (Spider:2)
  2 daevas
  An emperor scorpion (Spider:1)
  2 balrugs
  An angel (Depths:4)
  A war gargoyle (Vaults:5)
  A vampire knight (Crypt:1)
  A blizzard demon (D:12)
  An ettin (Depths:3)
  A yaktaur captain (Vaults:5)
  A spriggan air mage (Depths:4)
  A two-headed ogre (Zot:5)
  A spriggan berserker (Depths:3)
  A hell knight (Depths:3)
  A soul eater (Crypt:1)
  A sixfirhy (Zot:5)
  A shadow demon (D:1)
  An orb spider (Spider:1)
  An orc knight (D:12)
  A moth of wrath (Lair:6)
  An ugly thing (Depths:3)
  A cane toad (Lair:6)
  A gargoyle (D:12)
  A freezing wraith (Crypt:1)
  A polar bear (Zot:5)
  A jumping spider (Spider:2)
  A hornet (Swamp:3)
  A tarantella (Spider:2)
  2 orc warriors (Vaults:1)
  An orc (Vaults:1)
45 creatures vanquished.

Vanquished Creatures (others)
  A deep elf blademaster (Elf:3)
  A tengu reaver (Vaults:5)
  A red draconian (Zot:1)
  2 deep elf annihilators (Elf:3)
  An ogre mage (Depths:5)
  3 wizards
  A phantasmal warrior (Vaults:5)
  3 deep elf zephyrmancers
  An orb spider (Spider:4)
  2 necromancers (Vaults:5)
  A wolf spider (Spider:4)
  3 bloated husks
  A redback (Spider:1)
  A spriggan (Swamp:4)
  A tarantella (Spider:4)
  4 vampire mosquitoes (Swamp:3)
  A warg (shapeshifter) (Vaults:5)
  A boggart (Vaults:1)
  An orc (Vaults:1)
  A ball lightning (Depths:5)
  3 demonic plants (WizLab)
  2 foxfires (Swamp:1)
  27 fungi
  57 plants
  7 starspawn tentacles (WizLab)
  7 toadstools (Lair:3)
  34 withered plants
168 creatures vanquished.

Grand Total: 3042 creatures vanquished

Notes
Turn   | Place    | Note
-------+----------+-------------------------------------------
     0 | D:1      | Democracy123 the Gargoyle Berserker began the quest for the
                  | Orb.
     0 | D:1      | Reached XP level 1. HP: 14/14 MP: 1/1
   179 | D:1      | Reached XP level 2. HP: 19/19 MP: 2/2
   798 | D:1      | Found a faded altar of an unknown god.
   834 | D:1      | Reached XP level 3. HP: 20/23 MP: 3/3
  1348 | D:2      | Reached ** piety under Trog
  1523 | D:2      | Reached XP level 4. HP: 29/29 MP: 4/4
  2177 | D:3      | Noticed Jessica
  2187 | D:3      | Killed Jessica
  2234 | D:3      | Noticed Natasha
  2246 | D:3      | Killed Natasha
  2247 | D:3      | Reached XP level 5. HP: 33/33 MP: 5/5
  2513 | D:3      | Noticed Natasha
  2524 | D:3      | Killed Natasha
  2837 | D:4      | Found the +8 mithril axe "Arga" {speed, Will+}
  2870 | D:4      | Reached XP level 6. HP: 34/39 MP: 6/6
  3009 | D:4      | Reached skill level 5 in Fighting
  3009 | D:4      | Reached XP level 7. HP: 34/44 MP: 7/7
  3460 | D:4      | Reached skill level 5 in Axes
  3471 | D:4      | Reached skill level 5 in Armour
  3471 | D:4      | Reached XP level 8. HP: 36/50 MP: 8/8
  3922 | D:4      | Found a basalt altar of Yredelemnul.
  4128 | D:5      | Entered Level 5 of the Dungeon
  4257 | D:5      | Reached *** piety under Trog
  4282 | D:5      | Found a large runed translucent door.
  4283 | D:5      | Found a large runed translucent door.
  4287 | D:5      | Found the +12 glaive of Prune {vorpal}
  4429 | D:5      | Found a large runed translucent door.
  4429 | D:5      | Found a large runed translucent door.
  4538 | D:5      | Found a runed translucent door.
  4539 | D:5      | Noticed Crazy Yiuf
  4815 | D:5      | Noticed a troll
  4821 | D:5      | Killed a troll
  4822 | D:5      | Reached XP level 9. HP: 56/56 MP: 9/9
  4833 | D:5      | Identified the amulet "Igawn" {Acrobat Rampage rPois}
  4929 | D:5      | Identified the ring "Onelys" {rPois AC+4 SInv}
  4937 | D:5      | Identified the ring "Atzal" {rElec rPois rF+ rN+ Str+2}
  4991 | D:5      | Killed Crazy Yiuf
  5265 | D:6      | Noticed Eustachio
  5281 | D:6      | Killed Eustachio
  5282 | D:6      | Reached skill level 5 in Dodging
  5703 | D:6      | Found a shimmering blue altar of Sif Muna.
  5703 | D:6      | Found a hide-covered altar of Uskayaw.
  5791 | D:6      | Reached **** piety under Trog
  6248 | D:7      | Reached XP level 10. HP: 63/63 MP: 10/10
  6856 | D:7      | Found a staircase to the Ecumenical Temple.
  7279 | D:7      | Found a stormy altar of Qazlal.
  7419 | D:8      | You fall into a shaft and drop 1 floor!
  7782 | D:8      | Noticed a cyclops
  7794 | D:8      | Noticed a centaur warrior
  7805 | D:8      | Killed a cyclops
  7807 | D:8      | Noticed a manticore
  7812 | D:8      | Killed a centaur warrior
  7825 | D:8      | Killed a manticore
  7826 | D:8      | Reached skill level 10 in Axes
  7826 | D:8      | Reached XP level 11. HP: 58/71 MP: 11/11
  8011 | D:8      | Noticed a boulder beetle
  8776 | D:9      | Reached skill level 1 in Evocations
  8779 | D:9      | Reached ***** piety under Trog
  8964 | D:10     | Entered Level 10 of the Dungeon
  9039 | D:10     | Found a staircase to the Lair.
  9042 | D:10     | Noticed Maurice
  9053 | D:10     | Killed Maurice
  9057 | D:10     | Found a snail-covered altar of Cheibriados.
  9258 | D:10     | Found a staircase to the Orcish Mines.
  9414 | D:10     | Identified 2 scrolls of acquirement
  9482 | D:10     | Found a shimmering altar of Xom.
  9753 | D:11     | Found a runed translucent door.
  9755 | D:11     | Found a shimmering altar of Xom.
  9755 | D:11     | Noticed Pij Fiec's ghost (journeyman SpEn)
  9756 | D:11     | Noticed a manticore
  9757 | D:11     | Noticed a +0 long sword of chaos
  9760 | D:11     | Killed a manticore
  9780 | D:11     | Noticed a four-headed hydra
  9893 | D:11     | Noticed a manticore
  9915 | D:11     | Killed a manticore
 10024 | D:11     | Found a stormy altar of Qazlal.
 10461 | D:11     | Noticed a four-headed hydra
 10828 | D:12     | Noticed Fannar
 10839 | D:12     | Reached skill level 10 in Fighting
 10841 | D:12     | Killed Fannar
 10979 | D:12     | Reached skill level 10 in Armour
 10979 | D:12     | Reached XP level 12. HP: 77/77 MP: 12/12
 11032 | D:12     | Noticed a two-headed ogre
 11043 | D:12     | Killed a two-headed ogre
 11064 | D:12     | Found a gate leading to a gauntlet.
 11119 | Gauntlet | Entered a Gauntlet
 11119 | Gauntlet | Found a transporter.
 11119 | Gauntlet | Found a runed translucent door.
 11135 | Gauntlet | Noticed a catoblepas
 11159 | Gauntlet | Found a runed translucent door.
 11163 | Gauntlet | Found a transporter.
 11166 | Gauntlet | Found a transporter.
 11177 | Gauntlet | Found a transporter.
 11183 | Gauntlet | Found a transporter.
 11187 | Gauntlet | Found a runed translucent door.
 11189 | Gauntlet | Found a runed translucent door.
 11191 | Gauntlet | Found a transporter.
 11206 | Gauntlet | Noticed a great orb of eyes
 11207 | Gauntlet | Found a transporter.
 11217 | Gauntlet | Found a transporter.
 11221 | Gauntlet | Found a runed translucent door.
 11230 | Gauntlet | Found a transporter.
 11246 | Gauntlet | Found a transporter.
 11261 | Gauntlet | Found a transporter.
 11313 | Gauntlet | Found a transporter.
 11329 | Gauntlet | Found a transporter.
 11330 | Gauntlet | Found a transporter.
 11419 | Gauntlet | Acquired the +2 hat of Nesaz {rPois Will+++ Regen+ Str-3}
 11450 | Gauntlet | Killed a catoblepas
 11604 | Gauntlet | Acquired a +3 executioner's axe of flaming
 11642 | Gauntlet | Identified the +0 pair of gloves "Xienyff" {+Inv Str+3}
 11659 | Gauntlet | Gained mutation: You have a pair of small horns on your
                  | head. [potion of mutation]
 11659 | Gauntlet | Gained mutation: Your movements are slightly less
                  | encumbered by armour. (ER -2) [potion of mutation]
 11659 | Gauntlet | Gained mutation: Your body sometimes deteriorates upon
                  | taking damage. [potion of mutation]
 11659 | Gauntlet | Gained mutation: You are robust. (+10% HP) [potion of
                  | mutation]
 11686 | Gauntlet | Noticed a minotaur
 11696 | Gauntlet | Killed a minotaur
 11825 | D:11     | Killed a one-headed hydra
 11857 | Lair:1   | Entered Level 1 of the Lair of Beasts
 11968 | Lair:1   | Identified the +2 helmet of the Beggar {Str+4}
 12054 | Lair:1   | Reached skill level 5 in Evocations
 12460 | Lair:1   | Noticed a five-headed hydra
 12467 | Lair:1   | Killed a one-headed hydra
 12882 | Lair:2   | Reached XP level 13. HP: 92/92 MP: 13/13
 13498 | Lair:2   | Found a staircase to the Swamp.
 14179 | Lair:3   | Noticed a dire elephant
 14200 | Lair:3   | Found a runed translucent door.
 14308 | Lair:3   | Received a gift from Trog
 14683 | Lair:3   | Reached ****** piety under Trog
 14949 | Lair:4   | Found a hole to the Spider Nest.
 14995 | Lair:4   | Gained mutation: Your large and strong wings let you fly.
                  | [Gargoyle growth]
 14995 | Lair:4   | Reached XP level 14. HP: 91/101 MP: 14/14
 15015 | Lair:4   | Noticed Josephine
 15026 | Lair:4   | Killed Josephine
 15753 | Lair:5   | You are sucked into a shaft and drop 1 floor!
 15753 | Lair:6   | Entered Level 6 of the Lair of Beasts
 15769 | Lair:6   | Found a transporter.
 16848 | Lair:6   | Received a gift from Trog
 16915 | Lair:6   | Found a staircase to the Slime Pits.
 16973 | Lair:6   | Found a radiant altar of Vehumet.
 16988 | Lair:6   | Reached XP level 15. HP: 80/108 MP: 15/15
 16994 | Lair:6   | Reached skill level 15 in Axes
 17222 | Lair:6   | Identified the +8 trident "Seihog" {vorpal, Str+6 Int+4}
 17608 | Lair:6   | Identified the +8 quarterstaff "Wiawupuk" {vorpal, rF+}
                  | (Trog gifted it to you on level 6 of the Lair of Beasts)
 17608 | Lair:6   | Received a gift from Trog
 17702 | Lair:6   | Noticed Dwachs's ghost (journeyman DjFE)
 17710 | Lair:6   | Found a transporter.
 18195 | D:11     | Killed Pij Fiec's ghost
 18308 | Orc:1    | Entered Level 1 of the Orcish Mines
 18528 | Orc:1    | Acquired the amulet "Jathroig" {Spirit rCorr Str+4 SInv}
 18768 | Orc:2    | Entered Level 2 of the Orcish Mines
 19216 | Orc:2    | Found Vuiv's Armour Emporium.
 19298 | Orc:2    | Found a staircase to the Elven Halls.
 19305 | Orc:2    | Reached XP level 16. HP: 114/116 MP: 12/16
 19534 | Orc:2    | Found Texkugh's Magic Scroll Emporium.
 19534 | Orc:2    | Found Emureck's Armour Boutique.
 19535 | Orc:2    | Found Jooluefa's Assorted Antiques.
 19535 | Orc:2    | Found Laij's Book Shoppe.
 19542 | Orc:2    | Bought a scroll of identify for 30 gold pieces
 19542 | Orc:2    | Bought a scroll of identify for 30 gold pieces
 19542 | Orc:2    | Bought a scroll of identify for 30 gold pieces
 19542 | Orc:2    | Bought a scroll of identify for 30 gold pieces
 19548 | Orc:2    | Bought a scroll of immolation for 52 gold pieces
 19549 | Orc:2    | Bought a scroll of enchant weapon for 165 gold pieces
 19549 | Orc:2    | Bought a scroll of enchant weapon for 165 gold pieces
 19690 | Elf:1    | Entered Level 1 of the Elven Halls
 19691 | Elf:1    | Acquired 749 gold pieces
 19741 | Elf:1    | Found a ruined gateway.
 19955 | Elf:1    | Received a gift from Trog
 20384 | Elf:1    | Reached skill level 10 in Evocations
 20615 | Spider:1 | Entered Level 1 of the Spider Nest
 20869 | Spider:1 | You are sucked into a shaft and drop 1 floor!
 20926 | Spider:2 | Noticed Donald
 20933 | Spider:2 | Killed Donald
 21232 | Spider:1 | Received a gift from Trog
 21412 | Spider:2 | Noticed Agnes
 21426 | Spider:2 | Killed Agnes
 21660 | Lair:6   | Acquired 996 gold pieces
 21682 | Lair:6   | Killed Dwachs's ghost
 22265 | Spider:2 | Reached skill level 15 in Fighting
 22729 | Spider:2 | Reached XP level 17. HP: 124/124 MP: 17/17
 22910 | Spider:3 | Reached skill level 15 in Armour
 23220 | Spider:3 | Identified the +4 halberd of Wu Jian's Fury {vorpal,
                  | Stlth+}
 23792 | Spider:4 | Entered Level 4 of the Spider Nest
 24110 | Spider:4 | Received a gift from Trog
 24266 | Spider:4 | Noticed Arachne
 24532 | Spider:3 | Killed Arachne
 24645 | Spider:4 | Reached XP level 18. HP: 132/132 MP: 6/18
 24756 | Spider:4 | Got a gossamer rune of Zot
 25702 | D:12     | Found a runed translucent gate.
 25702 | D:12     | Found a runed translucent gate.
 25702 | D:12     | Found a runed translucent gate.
 25705 | D:12     | Noticed Fifetoef's ghost (journeyman TrWz)
 25726 | D:12     | Noticed Rupert
 25742 | D:12     | Found an iron altar of Okawaru.
 25744 | D:12     | Found the +10 tower shield of Ignorance {rN+ Int-4}
 25799 | D:12     | Killed Rupert
 25923 | D:12     | Found Detoru's Jewellery Emporium.
 27203 | D:14     | Identified the +1 robe of the Moon {Rampage rF- rC+ Regen+
                  | Dex+4}
 27582 | D:14     | Found a gate to the Vaults.
 27853 | Swamp:1  | Entered Level 1 of the Swamp
 28664 | Swamp:2  | You are sucked into a shaft and drop 1 floor!
 28809 | Swamp:2  | Noticed a tentacled monstrosity
 28815 | Swamp:2  | Killed a tentacled monstrosity
 28871 | Swamp:2  | Reached XP level 19. HP: 139/139 MP: 19/19
 29282 | Swamp:3  | Noticed Louise
 29315 | Swamp:3  | Killed Louise
 29328 | Swamp:3  | Received a gift from Trog
 29334 | Swamp:3  | Identified Roxanne's Guide on Transmutation
 29334 | Swamp:3  | Noticed Roxanne
 29345 | Swamp:3  | Noticed Nikola
 29360 | Swamp:3  | Killed Nikola
 29785 | Swamp:4  | Entered Level 4 of the Swamp
 30328 | Swamp:4  | Received a gift from Trog
 30346 | Swamp:4  | Noticed the 27-headed Lernaean hydra
 30355 | Swamp:4  | Killed the 23-headed Lernaean hydra
 30416 | Swamp:4  | Got a decaying rune of Zot
 30757 | D:15     | Entered Level 15 of the Dungeon
 30765 | D:15     | Noticed Kirke
 30776 | D:15     | Killed Kirke
 30817 | D:15     | Found a white marble altar of Elyvilon.
 30987 | D:15     | Found Capluis's General Store.
 31282 | D:15     | Found a staircase to the Depths.
 31392 | D:15     | Found a hazy altar of Hepliaklqana.
 31523 | Depths:1 | Entered Level 1 of the Depths
 31592 | Depths:1 | Found Roac's General Store.
 31609 | Depths:1 | Received a gift from Trog
 31653 | Depths:1 | Found Usecas's Armour Emporium.
 31693 | Depths:1 | Bought a scroll of acquirement for 780 gold pieces
 31693 | Depths:1 | Bought a potion of curing for 45 gold pieces
 31696 | Depths:1 | Acquired a +1 cloak of preservation
 31737 | Depths:1 | Found a one-way gate leading to the halls of Pandemonium.
 31854 | Depths:1 | Reached XP level 20. HP: 144/149 MP: 18/20
 31973 | Depths:1 | Found a gateway to Hell.
 32025 | Depths:1 | Found a sparkling altar of Nemelex Xobeh.
 32800 | Depths:2 | Found Tipinaxo's Book Shop.
 32802 | Depths:2 | Found Nasecupp's Jewellery Shoppe.
 32804 | Depths:2 | Found Oxarghot's Book Shop.
 33164 | Depths:3 | Received a gift from Trog
 33675 | Vaults:1 | Entered Level 1 of the Vaults
 33946 | Vaults:1 | Noticed Saint Roka
 33960 | Vaults:1 | Killed Saint Roka
 33961 | Vaults:1 | Reached skill level 10 in Dodging
 34152 | Vaults:1 | Reached XP level 21. HP: 138/156 MP: 18/21
 34215 | Vaults:1 | Found Tepukh's Antique Weapon Boutique.
 35112 | Vaults:2 | Found Dikhlu's Weapon Shop.
 35305 | Vaults:2 | Received a gift from Trog
 35929 | Vaults:2 | Found a staircase to the Crypt.
 35929 | Vaults:2 | Found an ancient bone altar of Kikubaaqudgha.
 35930 | Vaults:2 | Found a basalt altar of Yredelemnul.
 36219 | Vaults:2 | Received a gift from Trog
 36737 | Lair:3   | Identified the ring "Laqejuo" {rC- Will- EV+4 Str+8 Int+4}
 36943 | D:12     | Killed Fifetoef's ghost
 36954 | D:12     | Identified the +10 morningstar "Lumodile" {flame, rC+ Str-3
                  | Int+9}
 36955 | D:12     | Identified the +1 leather armour "Eqodesm" {rN+ Dex-2
                  | Slay+3 Stlth+}
 37090 | Crypt:1  | Entered Level 1 of the Crypt
 37500 | Crypt:1  | Noticed a bone dragon
 38024 | Depths:3 | Reached XP level 22. HP: 155/163 MP: 19/22
 38115 | Depths:3 | Found a burning altar of Makhleb.
 38150 | Depths:3 | Identified the ring "Epnogygo" {rPois Str+2 Dex+4}
 38161 | Depths:3 | Noticed a golden dragon
 38176 | Depths:3 | Killed a golden dragon
 38195 | Depths:3 | Identified the amulet of Entrepreneurial Spirit {Acrobat
                  | +Blink rN+}
 38204 | Depths:3 | Identified the ring "Uheuveza" {rF+ rN++ rCorr}
 38207 | Depths:3 | Identified the amulet of the Genius {Regen+ rCorr Str+3
                  | Int+5}
 38366 | Depths:3 | Received a gift from Trog
 38892 | Depths:4 | Noticed Jory
 38898 | Depths:4 | Killed Jory
 38921 | Depths:4 | Noticed Frederick
 38934 | Depths:4 | Killed Frederick
 39285 | Depths:4 | Noticed a golden dragon
 39299 | Depths:4 | Killed a golden dragon
 39324 | Depths:4 | Found a one-way gate to the infinite horrors of the Abyss.
 39366 | Depths:4 | Identified the +0 ring mail "Repaigee" {rCorr Str+3 Dex+2}
 39380 | Depths:4 | Paralysed by a floating eye for 4 turns
 39392 | Depths:4 | Noticed the Enchantress
 39399 | Depths:4 | Killed the Enchantress
 39404 | Depths:4 | Received a gift from Trog
 39409 | Depths:4 | Paralysed by a floating eye for 3 turns
 39426 | Depths:4 | Reached XP level 23. HP: 132/171 MP: 16/23
 39671 | Depths:4 | Found a gateway to a ziggurat.
 39915 | Depths:4 | Noticed a dread lich
 39924 | Depths:4 | Killed a dread lich
 40685 | Depths:5 | Entered Level 5 of the Depths
 41070 | Vaults:3 | Received a gift from Trog
 41204 | Vaults:3 | Found Ogririz's General Store.
 41210 | Vaults:3 | Bought a scroll of enchant weapon for 127 gold pieces
 41211 | Vaults:3 | Acquired a manual of Dodging
 41366 | Vaults:3 | Noticed an ancient lich
 41370 | Vaults:3 | Killed an ancient lich
 41431 | Vaults:3 | Noticed Aizul
 41445 | Vaults:3 | Killed Aizul
 41446 | Vaults:3 | Reached XP level 24. HP: 179/179 MP: 23/23
 41567 | Vaults:3 | Found a runed translucent gate.
 41567 | Vaults:3 | Found a runed translucent gate.
 41567 | Vaults:3 | Found a runed translucent gate.
 41569 | Vaults:3 | Noticed Mafumol's ghost (adept GrEE)
 42074 | Vaults:4 | Received a gift from Trog
 42314 | Vaults:4 | Reached skill level 15 in Dodging
 42636 | Vaults:4 | Acquired a manual of Armour
 42656 | Vaults:4 | Found Oqaupa's Weapon Shop.
 42803 | Vaults:4 | Received a gift from Trog
 43142 | Vaults:5 | Entered Level 5 of the Vaults
 43393 | Vaults:5 | Noticed Xtahua
 43401 | Vaults:5 | Received a gift from Trog
 43404 | Vaults:5 | Killed Xtahua
 43447 | Vaults:5 | Reached XP level 25. HP: 137/185 MP: 23/23
 43584 | Vaults:5 | Paralysed by a floating eye for 2 turns
 43599 | Vaults:5 | Received a gift from Trog
 43621 | Vaults:5 | Identified the ring of Freedom {rN+++ Will+ rCorr Dex+2
                  | Slay-3}
 43705 | Vaults:5 | Noticed Sojobo
 43737 | Vaults:5 | Killed Sojobo
 44229 | Vaults:5 | Identified the ring "Xak Igeu" {rC+ EV+4 Str+4}
 44268 | Vaults:5 | Received a gift from Trog
 44339 | Vaults:5 | Noticed an ancient lich
 44351 | Vaults:5 | Killed an ancient lich
 44358 | Vaults:5 | Identified the amulet of the Lotus Blossom {Spirit Str+2}
 44564 | Vaults:5 | Identified the +0 plate armour of Pathos {rN+}
 44565 | Vaults:5 | Identified the +0 pair of boots of the Moneychanger {rElec
                  | rC- Dex-5 Slay+5}
 44652 | Vaults:5 | Identified the +1 long sword of the Philosopher {vorpal,
                  | Fly rF+ Str-4 Int+8}
 44674 | Vaults:5 | Identified the +4 long sword "Abrehugu" {venom, rPois}
 44859 | Vaults:5 | Got a silver rune of Zot
 45199 | Depths:5 | Reached XP level 26. HP: 194/194 MP: 20/23
 45404 | Depths:5 | Identified the Catalogue of Enchantment
 45529 | Depths:5 | Received a gift from Trog
 45758 | Depths:5 | Identified the +6 rapier "Yceddeina" {pain, rC+ Str+3
                  | Dex-4}
 45775 | Depths:5 | Found a gate to the Realm of Zot.
 46164 | Depths:5 | Received a gift from Trog
 46274 | Depths:5 | Identified Pafudaig's Catalogue of Translocation
 46333 | Depths:5 | Identified the Almanac of Creation
 46387 | Depths:5 | Identified the Catalogue of Moulding
 46851 | Depths:5 | Identified Lagon's Handbook of Poison
 47315 | Slime:1  | Entered Level 1 of the Pits of Slime
 47331 | Slime:1  | Identified the +3 battleaxe of Cugeos {flame, rN++ Str+6}
                  | (Trog gifted it to you on level 1 of the Pits of Slime)
 47331 | Slime:1  | Received a gift from Trog
 47353 | Slime:2  | Gained mutation: You are dopey. (Int -2) [a shining eye]
 47367 | Slime:3  | Reached XP level 27. HP: 204/204 MP: 23/23
 47547 | Slime:4  | Gained mutation: You are weak. (Str -2) [a shining eye]
 47553 | Slime:4  | Gained mutation: Your magical capacity is low. (-10% MP) [a
                  | shining eye]
 47584 | Slime:5  | Entered Level 5 of the Pits of Slime
 47651 | Slime:5  | Gained mutation: You are very weak. (Str -4) [a shining
                  | eye]
 47657 | Slime:5  | Noticed the Royal Jelly
 47664 | Slime:5  | Received a gift from Trog
 47668 | Slime:5  | Killed the Royal Jelly
 47777 | Slime:5  | Identified the ring of Midsummer {rElec rPois rC+ Int+4
                  | Dex-2}
 47854 | Slime:5  | Identified the +3 war axe of the Peculiar Thickets
                  | {antimagic, rC+ Str-5 SInv}
 47866 | Slime:5  | Got a slimy rune of Zot
 47928 | Slime:5  | Gained mutation: You sometimes lose the ability to read
                  | scrolls when taking damage. [a shining eye]
 47929 | Slime:5  | Gained mutation: You are occasionally teleported next to
                  | monsters. [a shining eye]
 48270 | Slime:5  | Identified the +5 trident of the Jester {pain, Stlth+}
 48808 | Slime:1  | Gained mutation: You are very dopey. (Int -4) [a shining
                  | eye]
 48928 | Slime:1  | Reached skill level 27 in Armour
 50020 | Elf:2    | Found a runed translucent gate.
 50020 | Elf:2    | Found a runed translucent gate.
 50022 | Elf:2    | Found a runed translucent gate.
 50154 | Elf:2    | Received a gift from Trog
 50451 | Elf:2    | Found Obrex's Armour Shoppe.
 50608 | Elf:3    | Entered Level 3 of the Elven Halls
 51087 | Elf:3    | Received a gift from Trog
 51190 | Elf:3    | Identified the ring of Fanaticism {Will+ Int+6 Slay-3}
 51309 | Elf:3    | Found the +8 autumn katana {vorpal, Clar}
 51321 | Elf:3    | Found the +7 lajatang of Order {silver, rMut}
 51367 | Elf:3    | Identified the ring of Woskoil {Drain Fly rPois rC++ rCorr}
 51482 | Elf:3    | Identified the +5 broad axe of Pain and Death {venom, rN+}
 51503 | Elf:3    | Identified the Compendium of the Cloudy Oath
 51514 | Elf:3    | Identified the +0 plate armour of Hairy Awe {Drain rC+
                  | rN+++ Regen+}
 52965 | Temple   | Entered the Ecumenical Temple
 53167 | Temple   | Fell from the grace of Trog
 53167 | Temple   | Became a worshipper of the Shining One
 53526 | Crypt:1  | Paralysed by a Zot trap for 3 turns
 53536 | Crypt:1  | Noticed an ancient lich
 53552 | Crypt:1  | Killed an ancient lich
 53817 | Crypt:2  | Reached * piety under the Shining One
 53975 | Crypt:2  | Reached ** piety under the Shining One
 54026 | Crypt:2  | Reached *** piety under the Shining One
 54101 | Crypt:2  | Reached **** piety under the Shining One
 54105 | Crypt:2  | Found a magical portal.
 54140 | WizLab   | Entered Lehudib's Moon Base
 54170 | WizLab   | Found a transporter.
 54234 | WizLab   | Found a transporter.
 54372 | WizLab   | Identified the ring of Woumn {*Corrode rPois Will++ Int+3}
 54698 | WizLab   | Gained mutation: Your body often deteriorates upon taking
                  | damage. [a cacodemon]
 54701 | WizLab   | Gained mutation: You tend to lose your temper in combat. [a
                  | cacodemon]
 54878 | WizLab   | Identified the ring "Suisienen" {Fly rPois}
 54924 | WizLab   | Identified Lehudib's Incunabulum of the Destructive
                  | Mountains
 54966 | WizLab   | Identified the +3 trident of Vaafara {drain, Int+3}
 55666 | Crypt:3  | Entered Level 3 of the Crypt
 55723 | Crypt:3  | Reached ***** piety under the Shining One
 55768 | Crypt:3  | Noticed Bai Suzhen
 55783 | Crypt:3  | Killed Bai Suzhen
 55785 | Crypt:3  | Noticed Margery
 55799 | Crypt:3  | Killed Margery
 55800 | Crypt:3  | Reached skill level 27 in Axes
 55819 | Crypt:3  | Reached skill level 1 in Invocations
 55956 | Crypt:3  | Noticed Boris
 55969 | Crypt:3  | Killed Boris
 56035 | Crypt:3  | Reached ****** piety under the Shining One
 56044 | Crypt:3  | Noticed an ancient lich
 56061 | Crypt:3  | Killed an ancient lich
 56062 | Crypt:3  | Identified the Catalogue of Entrancing Calling
 56064 | Crypt:3  | Identified the +6 plate armour "Biwkah" {rF+ rC+ Will+}
 56172 | Crypt:3  | Found an ancient bone altar of Kikubaaqudgha.
 56208 | Crypt:3  | Paralysed by Trog for 7 turns
 56709 | Crypt:3  | Found a staircase to the Tomb.
 56709 | Crypt:3  | Noticed a royal mummy
 56723 | Crypt:3  | Killed a royal mummy
 56724 | Crypt:3  | Reached skill level 5 in Invocations
 56761 | Tomb:1   | Entered Level 1 of the Tomb of the Ancients
 57587 | Depths:5 | Identified Kenaelu's Papyrus of Lightness
 57872 | Zot:1    | Entered Level 1 of the Realm of Zot
 57911 | Depths:5 | Lost mutation: You sometimes lose the ability to read
                  | scrolls when taking damage. [potion of mutation]
 57911 | Depths:5 | Lost mutation: Your movements are slightly less encumbered
                  | by armour. (ER -2) [potion of mutation]
 57911 | Depths:5 | Lost mutation: You are very dopey. (Int -4) [potion of
                  | mutation]
 57911 | Depths:5 | Gained mutation: You have a pair of horns on your head.
                  | [potion of mutation]
 57911 | Depths:5 | Gained mutation: You have a pair of large horns on your
                  | head. [potion of mutation]
 57912 | Depths:5 | Lost mutation: Your magical capacity is low. (-10% MP)
                  | [potion of mutation]
 57912 | Depths:5 | Lost mutation: You are occasionally teleported next to
                  | monsters. [potion of mutation]
 57912 | Depths:5 | Gained mutation: Your movements are slightly less
                  | encumbered by armour. (ER -2) [potion of mutation]
 57912 | Depths:5 | Gained mutation: You have very sharp teeth. [potion of
                  | mutation]
 57913 | Depths:5 | Lost mutation: You have a pair of large horns on your head.
                  | [potion of mutation]
 57913 | Depths:5 | Lost mutation: You are robust. (+10% HP) [potion of
                  | mutation]
 57913 | Depths:5 | Lost mutation: You are very weak. (Str -4) [potion of
                  | mutation]
 57913 | Depths:5 | Gained mutation: You have extremely sharp teeth. [potion of
                  | mutation]
 57913 | Depths:5 | Gained mutation: Your flesh is cold resistant. (rC+)
                  | [potion of mutation]
 57914 | Depths:5 | Lost mutation: You are weak. (Str -2) [potion of mutation]
 57914 | Depths:5 | Lost mutation: You have a pair of horns on your head.
                  | [potion of mutation]
 57914 | Depths:5 | Gained mutation: You have sharp fingernails. [potion of
                  | mutation]
 57915 | Depths:5 | Lost mutation: You tend to lose your temper in combat.
                  | [potion of mutation]
 57915 | Depths:5 | Lost mutation: You have sharp fingernails. [potion of
                  | mutation]
 57915 | Depths:5 | Lost mutation: Your movements are slightly less encumbered
                  | by armour. (ER -2) [potion of mutation]
 57915 | Depths:5 | Gained mutation: You evolve. [potion of mutation]
 58099 | Zot:1    | Acquired 845 gold pieces
 58383 | Zot:1    | Lost mutation: Your body often deteriorates upon taking
                  | damage. [evolution]
 58927 | Zot:2    | You are sucked into a shaft and drop 2 floors!
 59046 | Zot:3    | Noticed an orb of fire
 59049 | Zot:3    | Gained mutation: You tend to lose your temper in combat.
                  | [an orb of fire]
 59050 | Zot:3    | Gained mutation: You are very dopey. (Int -4) [an orb of
                  | fire]
 59055 | Zot:3    | Lost mutation: You are very dopey. (Int -4) [an orb of
                  | fire]
 59057 | Zot:3    | Killed an orb of fire
 59058 | Zot:3    | Reached skill level 10 in Invocations
 60024 | Zot:2    | Lost mutation: You tend to lose your temper in combat.
                  | [potion of mutation]
 60024 | Zot:2    | Lost mutation: You have a pair of small horns on your head.
                  | [potion of mutation]
 60024 | Zot:2    | Lost mutation: Your body sometimes deteriorates upon taking
                  | damage. [potion of mutation]
 60024 | Zot:2    | Gained mutation: You are agile. (Dex +2) [potion of
                  | mutation]
 60119 | Zot:2    | Reached skill level 27 in Fighting
 61250 | Zot:5    | Entered Level 5 of the Realm of Zot
 61671 | D:12     | Bought the amulet of Hedonism {Acrobat rF+ Str+4} for 786
                  | gold pieces
 62231 | Zot:5    | Noticed an ancient lich
 62242 | Zot:5    | Killed an ancient lich
 62242 | Zot:5    | Noticed an orb of fire
 62247 | Zot:5    | Noticed a dread lich
 62248 | Zot:5    | Gained mutation: Your body sometimes deteriorates upon
                  | taking damage. [an orb of fire]
 62261 | Zot:5    | Killed an orb of fire
 62263 | Zot:5    | Killed a dread lich
 62265 | Zot:5    | Noticed an orb of fire
 62267 | Zot:5    | Noticed an ancient lich
 62295 | Zot:5    | Noticed an ancient lich
 62308 | Zot:5    | Killed an ancient lich
 62317 | Zot:5    | Killed an ancient lich
 62425 | Zot:5    | Noticed a dread lich
 62434 | Zot:5    | Killed a dread lich
 62435 | Zot:5    | Reached skill level 15 in Invocations
 62441 | Zot:5    | Noticed a dread lich
 62452 | Zot:5    | Killed a dread lich
 62457 | Zot:5    | Noticed an ancient lich
 62468 | Zot:5    | Killed an ancient lich
 62551 | Zot:5    | Gained mutation: You are weak. (Str -2) [an orb of fire]
 62557 | Zot:5    | Killed an orb of fire
 62925 | Zot:5    | Got the Orb of Zot
 63294 | Depths:4 | Noticed a seraph
 63307 | Depths:4 | Killed a seraph
 63966 | D:1      | Paralysed by Trog for 7 turns
 63980 | D:1      | Lost mutation: You are weak. (Str -2) [potion of mutation]
 63980 | D:1      | Lost mutation: You are dopey. (Int -2) [potion of mutation]
 63980 | D:1      | Lost mutation: Your body sometimes deteriorates upon taking
                  | damage. [potion of mutation]
 63980 | D:1      | Lost mutation: You evolve. [potion of mutation]
 63980 | D:1      | Lost mutation: You have extremely sharp teeth. [potion of
                  | mutation]
 63980 | D:1      | Gained mutation: You are strong-willed. (Will+) [potion of
                  | mutation]
 64145 | D:$      | Escaped with the Orb!

Illustrated notes

Levels and vault maps discovered:
D:1:      minmay_arrival_stone_box, layout_basic,
          hellmonk_ecumenical_altar_zigzags
D:2:      layout_loops_ring
D:3:      layout_basic, minmay_misc_feat_tower, uniq_natasha, uniq_jessica
D:4:      layout_loops_ring, yredelemnul_forgotten_temple_becter,
          minmay_joined_circles
D:5:      layout_rooms, minmay_hollow_rounded_squares, uniq_crazy_yiuf_cottage
D:6:      layout_basic, gammafunk_temple_overflow_wave, palyth_stone_intersect,
          chequers_avenue, sword_in_stone
D:7:      layout_loops_corners, lemuel_coloured_pillars_altar,
          minmay_temple_entry_enclosed_plants, serial_undead, serial_undead_f,
          serial_undead_a, serial_undead_c, serial_undead_a, corner_web_ring
D:8:      hangedman_cross_veins, layout_gridville, hangedman_decor_growths
D:9:      layout_cave_pods, kennysheep_generic_room_16
D:10:     layout_rooms, general_overflow_altar, kennysheep_mini_moat,
          lair_entry_dummy, minivault_25_ag, hive_lemuel, uniq_maurice
D:11:     layout_loops_corners, ebering_ghost_xom, grunt_qazlal_sundering
D:12:     layout_big_octagon, gammafunk_ghost_fury_of_okawaru,
          gauntlet_entry_generic, serial_shops, nicolae_shop_behind_doors,
          lemuel_flamethrower_2, uniq_rupert, uniq_fannar
D:13:     layout_stronghold, lightli_fourway_metalbox
D:14:     layout_basic, grunt_vaults_entry_fortified,
          minmay_misc_feat_secret_circle, lemuel_old_faithful
D:15:     gammafunk_enter_depths_forms, layout_basic, serial_shops, shop,
          nzn_hepliaklqana_mist_gate, elyvilon_altar_5, uniq_kirke
Temple:   eino_temple_rhombus
Lair:1:   layout_cave_pods, grunt_megastairs_3
Lair:2:   layout_cave_pods, skrybe_swamp_entry_bodies, special_room
          [special_room_bee]
Lair:3:   gammafunk_lair_enchanted_lake, layout_cave_pods
Lair:4:   layout_roguey, spider_nest_entry_funnel_web, minmay_hedge_maze,
          minmay_holes, uniq_josephine
Lair:5:   layout_cave_pods
Lair:6:   due_jungle_book, layout_regular_city, minmay_slime_entry_jelly_boxes,
          basic_altar, nicolae_volcano_entry_batcave,
          gammafunk_ghost_berserking_beasts
Swamp:1:  layout_basic_swamp, evilmike_swamp_ruin_house_3, swamp_pool4,
          nicolae_swamp_bean_lake
Swamp:2:  layout_basic_swamp, nicolae_swamp_well_well_well, swamp_pool4,
          worms_lemuel, infiniplex_staircase_pool
Swamp:3:  layout_basic_swamp, evilmike_swamp_ruin_rubble_2, uniq_nikola,
          uniq_roxanne, uniq_louise
Swamp:4:  swamp_basic_johnstein, layout_basic_swamp
Spider:1: layout_spider_delve
Spider:2: layout_chambers, uniq_donald, uniq_agnes
Spider:3: nicolae_spider_mines_1
Spider:4: johnstein_spider_rune_arachne_lair, guppyfry_spider_mini_1
Slime:1:  cheibrodos_slime_lost_civilization_3, layout_caves
Slime:2:  layout_caves
Slime:3:  layout_caves
Slime:4:  layout_caves
Slime:5
Orc:1:    layout_caves
Orc:2:    st_orc_ogre_mass, layout_diamond_mine, serial_shops,
          nicolae_shop_waterfront
Elf:1:    layout_loops_corners, portal_desolation_entry_ruin,
          minmay_elf_crystal_hexagon, hangedman_elf_simple_split,
          minmay_misc_feat_cross
Elf:2:    layout_geoelf_octagon, serial_shops, nicolae_shop_trees,
          minmay_elf_annihilation
Elf:3:    minmay_elf_hall_hex, layout_geoelf_castle, moated_statue
Vaults:1: vaults_room_door_hall, v_misc_25, grunt_vaults_hallway_long,
          nicolae_vaults_yaktaur_gun_rack, ontoclasm_vaults_shuriken,
          ontoclasm_vaults_echo, hangedman_vaults_impose,
          nicolae_vaults_little_squares_4, vaults_room_fours,
          nicolae_vaults_little_squares_1, nicolae_vaults_diagonal_hallway_6,
          ontoclasm_vaults_spin, layout_vaults_quadrants, serial_shops,
          nicolae_shop_window_shopping, uniq_saint_roka
Vaults:2: minmay_crypt_entry_necro_gods, ontoclasm_vaults_fault,
          nicolae_vaults_circle_grid_a, nicolae_vaults_stairing_the_circle,
          hangedman_vaults_stitches, st_more_cells, vaults_room_fours,
          ontoclasm_vaults_gateway, ontoclasm_vaults_pinch, grunt_vaults_funnel,
          nicolae_vaults_little_squares_2, layout_vaults_chaotic_city,
          serial_shops, nicolae_shop_behind_doors
Vaults:3: gammafunk_vaults_ghost_necromancy, v_alt_pattern_4, vaults_mumra_lcd,
          ontoclasm_vaults_eye, ontoclasm_vaults_misaligned,
          nicolae_vaults_hallways_thing, hangedman_vaults_impose,
          vaults_room_boxed, nicolae_vaults_border_crossing,
          nicolae_vaults_display_case, v_pattern_1, layout_vaults_omnicross,
          serial_shops, shop, uniq_aizul
Vaults:4: v_rooms_6, vaults_dpeg_cross, ontoclasm_vaults_decontamination,
          v_misc_33, hangedman_vaults_stream, vaults_room_pools, v_misc_14,
          v_misc_2, vaults_mumra_minichess_inversion, vaults_dpeg_spiral,
          nicolae_vaults_big_angled_halls, vaults_standard_mumra_x,
          nicolae_vaults_little_squares_6, layout_vaults_ring, serial_shops,
          nicolae_shop_window_shopping
Vaults:5: serial_shops, uniq_xtahua, uniq_sojobo
Crypt:1:  layout_rooms, weyrava_lich_vault, grunt_crypt_arrival_webbed
Crypt:2:  layout_basic, mu_enter_wizlab_1, serial_corexii_hall,
          corexii_hall_statues_x, corexii_hall_statues_l,
          corexii_hall_statues_i, corexii_hall_statues_s, st_stairs_4
Crypt:3:  evilmike_haunted_forest, uniq_bai_suzhen, uniq_margery, uniq_boris
Tomb:1
Depths:1: layout_cave_shapes, minmay_misc_feat_diagonals, pan_entry,
          hangedman_geh_valley, nemelex_spade_bored_becter, minmay_shoptagon
Depths:2: hourglass_vault, layout_gridlike, hellmouth_1, hangedman_decor_points,
          grunt_megastairs_5, minmay_shop_grove, infiniplex_staircase_diamond
Depths:3: minmay_the_grid_triangle_9x9_recursive_2
          [minmay_the_grid_triangle_9x9_prize_special,
          minmay_the_grid_triangle_9x9_semitri,
          minmay_the_grid_triangle_9x9_shrine,
          minmay_the_grid_triangle_9x9_from_above], layout_gridlike,
          grunt_mini_vestibule, chequers_serial_rivers_micro_e,
          grunt_pan_entry_zigzag, minmay_staircase_bubble, serial_bayou_shore_a
Depths:4: hangedman_grunt_twisty_little_passages, layout_basic,
          enter_ziggurat_d, minmay_misc_feat_square, hell_entry,
          abyss_entry_glasseish, minivault_10, uniq_enchantress, uniq_jory,
          uniq_frederick
Depths:5: lemuel_castle_with_subvaults [lemuel_castle_interior_original],
          layout_gridlike, serial_hangedman_research,
          hangedman_research_electronics, hangedman_research_convocations,
          hangedman_research_quantum, hangedman_research_toxicology,
          hangedman_research_probablistics, hangedman_research_metamorphosis,
          rand_demon_pan_entry_7, hell_entry
Zot:1:    kennysheep_blocky_hall, layout_cellular_growth, st_stairs_2
Zot:2:    layout_concentric_octagons
Zot:3:    kennysheep_spiral_hall, layout_onion
Zot:4:    layout_gridlike
Zot:5:    layout_misc_corridors

Skill      XL: |  1  2  3  4  5  6  7  8  9 10 11 12 13 14 15 16 17 18 19 20 21 22 23 24 25 26 27 |
---------------+----------------------------------------------------------------------------------+-----
Dodging        | 2 3 4 5 7 9 10 11 13 15 20 | 20.0
Axes           | 3 4 5 6 8 10 11 12 13 14 16 17 18 19 20 21 22 23 24 27 | 27.0
Armour         | 3 4 5 6 7 8 10 11 12 13 14 15 16 17 18 19 21 24 26 27 | 27.0
Fighting       | 4 5 6 7 9 10 11 12 13 14 15 16 17 18 19 20 21 22 27 | 27.0
Evocations     | 3 5 7 8 9 10 | 10.2
Invocations    | 17 | 17.5

Action                   |  1- 3 |  4- 6 |  7- 9 | 10-12 | 13-15 | 16-18 | 19-21 | 22-24 | 25-27 || total
-------------------------+-------+-------+-------+-------+-------+-------+-------+-------+-------++-------
Melee: Hand axe          |    90 |    71 |       |       |       |       |       |       |       ||   161
       Broad axe         |       |    13 |   214 |   434 |       |       |       |       |       ||   661
       Executioner's axe |       |       |       |    71 |   821 |  1054 |   969 |   956 |  2979 ||  6850
       Headbutt          |       |       |       |    11 |   200 |   246 |   274 |   260 |   792 ||  1783
       Bite              |       |       |       |       |       |       |       |       |   159 ||   159
Throw: Throwing net      |       |       |       |     1 |       |       |       |       |       ||     1
       Dart              |       |       |       |     5 |     4 |       |       |       |       ||     9
Invok: Trog's Hand       |       |     4 |     5 |    13 |    15 |    20 |    14 |     7 |    11 ||    89
       Berserk           |       |     2 |     3 |     6 |     4 |     4 |     2 |     1 |     1 ||    23
       Brothers in Arms  |       |       |       |       |       |     5 |     4 |     7 |     3 ||    19
       Summon Divine War |       |       |       |       |       |       |       |       |    18 ||    18
       Divine Shield     |       |       |       |       |       |       |       |       |     5 ||     5
       Cleansing Flame   |       |       |       |       |       |       |       |       |     3 ||     3
Evoke: Wand              |       |       |       |       |     8 |     9 |       |       |     5 ||    22
  Use: Scroll            |       |       |       |    21 |    10 |    17 |     5 |    17 |    10 ||    80
       Potion            |       |       |       |     2 |       |     1 |       |     2 |    16 ||    21
 Stab: Invisible         |       |       |       |     1 |       |       |       |       |       ||     1
       Held in net/web   |       |       |       |       |       |     1 |       |       |       ||     1
       Distracted        |       |       |       |       |       |     1 |     1 |     3 |       ||     5
       Confused          |       |       |       |       |       |       |     1 |       |       ||     1
Armor: Animal skin       |    22 |       |       |       |       |       |       |       |       ||    22
       Leather armour    |    20 |    29 |       |       |       |       |       |       |       ||    49
       Chain mail        |       |     4 |    70 |       |       |       |       |       |       ||    74
       Plate armour      |       |       |    37 |   498 |  1113 |  1540 |  1099 |   205 |       ||  4492
       Gold dragon scale |       |       |       |       |       |       |       |   659 |  2178 ||  2837
       Troll leather arm |       |       |       |       |       |       |       |       |    13 ||    13
Dodge: Dodged            |    78 |    41 |    64 |   320 |   683 |   797 |   642 |   531 |  2237 ||  5393
       Repelled          |       |       |       |       |       |       |       |     4 |    73 ||    77
Block: Kite shield       |       |       |       |    60 |       |       |       |       |       ||    60
       Other             |       |       |       |       |       |       |       |       |    69 ||    69

Table legend: (Time is in decaauts)
 A = Elapsed time spent in this place.
 B = Non-inter-level travel time spent in this place.
 C = Inter-level travel time spent in this place.
 D = Time resting spent in this place.
 E = Time spent auto-exploring this place.
 F = Levels seen in this place.
 G = Mean time per level.
                   A        B        C        D        E       F      G
               +--------+--------+--------+--------+--------+-----+--------+
         Total |  64031 |  55996 |   8035 |   1883 |  39373 |  61 | 1049.7 |
       Dungeon |  16949 |  13650 |   3299 |   1001 |   9922 |  15 | 1129.9 |
        Temple |    213 |    186 |     27 |      0 |    185 |   1 |  213.0 |
          Lair |   7687 |   6425 |   1262 |    105 |   4816 |   6 | 1281.2 |
         Swamp |   2764 |   2619 |    145 |     46 |   1922 |   4 |  691.0 |
   Spider Nest |   4760 |   4487 |    273 |    183 |   2951 |   4 | 1190.0 |
    Slime Pits |   1819 |   1685 |    134 |     22 |   1280 |   5 |  363.8 |
  Orcish Mines |   1631 |   1435 |    196 |     63 |    823 |   2 |  815.5 |
   Elven Halls |   3966 |   3617 |    349 |     16 |   2496 |   3 | 1322.0 |
        Vaults |   6968 |   6362 |    606 |     28 |   4736 |   5 | 1393.6 |
         Crypt |   2960 |   2692 |    268 |     68 |   1738 |   3 |  986.7 |
          Tomb |    314 |    314 |      0 |      0 |    160 |   1 |  314.0 |
        Depths |   7823 |   6732 |   1091 |    248 |   4519 |   5 | 1564.6 |
           Zot |   4496 |   4117 |    379 |     49 |   2828 |   5 |  899.2 |
        Wizlab |   1022 |   1022 |      0 |      0 |    616 |   1 | 1022.0 |
      Gauntlet |    650 |    650 |      0 |     54 |    379 |   1 |  650.0 |
               +--------+--------+--------+--------+--------+-----+--------+

Top non-repeatable levels by time:
Depths:5: 2314 daAuts
Depths:4: 1946 daAuts
Vaults:5: 1693 daAuts
   Elf:3: 1611 daAuts
Vaults:1: 1601 daAuts
Depths:3: 1582 daAuts
  Lair:6: 1576 daAuts
  Lair:3: 1468 daAuts
Spider:4: 1464 daAuts
    D:11: 1436 daAuts
     D:7: 1427 daAuts
Vaults:2: 1418 daAuts
    D:14: 1398 daAuts
Spider:2: 1369 daAuts
     D:4: 1365 daAuts
